 Dungeon Crawl Stone Soup version 0.30.0-30-g96aa6591b8 (webtiles) character file.

Game seed: 5557427490930792752

301 Darius the Covered (level 6, 53/53 HPs)
             Began as a Minotaur Fighter on July 1, 2023.
             Was a Believer of Qazlal.
             Quit the game on level 4 of the Dungeon.
             The game lasted 00:06:13 (2053 turns).

Darius the Covered (Minotaur Fighter)               Turns: 2053, Time: 00:06:14

Health: 53/53      AC: 11    Str: 20    XL:     6   Next: 14%
Magic:  6/6        EV: 14    Int:  7    God:    Qazlal [**....]
Gold:   28         SH: 12    Dex: 10    Spells: 5/5 levels left

rFire   . . .        g - +9 dagger of the Shoals {drain, Fly Will+ Stlth-}
rCold   . . .        c - +0 buckler
rNeg    . . .        b - +0 scale mail
rPois   .            (helmet restricted)
rElec   .            (no cloak)
rCorr   .            (no gloves)
SInv    .            (no boots)
Will    +....        n - amulet of reflection Stlth
                     i - +5 ring of evasion
HPRegen 0.28/turn    (no ring)
MPRegen 0.10/turn

%: reflection
@: flying
A: horns 2, retaliatory headbutt, iridescent scales 2
a: Renounce Religion, Upheaval


You were on level 4 of the Dungeon.
You worshipped Qazlal.
Qazlal was pleased with you.
You visited 1 branch of the dungeon, and saw 4 of its levels.

You collected 144 gold pieces.
You spent 116 gold pieces at shops.

Inventory:

Hand Weapons
 a - a +1 war axe
 g - the +9 dagger of the Shoals (weapon) {drain, Fly Will+ Stlth-}
   (You found it on level 2 of the Dungeon)

   Fly:       It grants you flight.
   Will:      It increases your willpower.
   Stlth:     It makes you less stealthy.
 h - a +2 war axe of flaming
Armour
 b - a +0 scale mail (worn)
 c - a +0 buckler (worn)
Jewellery
 i - a +5 ring of evasion (left hand)
 n - an amulet of reflection (around neck)
 u - a ring of positive energy
 v - an amulet of magic regeneration
Scrolls
 j - 2 scrolls of enchant weapon
 l - a scroll of teleportation
 m - a scroll of vulnerability
 o - a scroll of immolation
 q - a scroll of fog
 r - a scroll of magic mapping
 t - a scroll of summoning
Potions
 d - a potion of might
 e - 3 potions of flight {unknown}
 f - 3 potions of brilliance {unknown}
 k - a potion of ambrosia {unknown}
 p - a potion of resistance {unknown}
 s - 2 potions of curing {unknown}
 w - a potion of haste {unknown}


   Skills:
 * Level 4.4 Fighting
 * Level 1.8 Short Blades
 * Level 4.0 Axes
 * Level 4.8 Armour
 * Level 1.4 Dodging
 * Level 1.3 Stealth
 * Level 4.7 Shields
 * Level 1.3 Invocations


You had 5 spell levels left.
You didn't know any spells.
Your spell library contained the following spells:

 Spells                   Type           Power      Damage    Failure   Level
 Apportation              Tloc           0%         N/A       83%         1
 Necrotise                Necr           0%         1d4       83%         1
 Summon Small Mammal      Summ           0%         N/A       83%         1


Dungeon Overview and Level Annotations

Branches:
Dungeon (4/15)
 Temple: D:4-7

Altars:
Dithmenos
Fedhas
Qazlal
Trog
Xom

Shops:
D:3 !   D:4 ?=


Innate Abilities, Weirdness & Mutations

You have a pair of horns on your head.
You reflexively headbutt those who attack you in melee.
You are mostly covered in iridescent scales. (AC +4)


Message History

You barely miss the kobold brigand. You headbutt the kobold brigand.
You kill the kobold brigand!
Qazlal accepts your kill.
Your Axes skill increases to level 4!
You have reached level 6!
Things that are here:
a +0 dagger; 2 poisoned darts; a kobold corpse
Found a leather armour.
There is an entrance to Rebraen's Magic Scroll Boutique here.
u - a scroll of identify Thank you for shopping at Rebraen's Magic Scroll Boutique!
As you read the scroll of identify, it crumbles to dust.
o - a scroll of immolation HP restored.
Magic restored.
There is an entrance to Rebraen's Magic Scroll Boutique here.
Found a stone staircase leading down.
Found a bloodstained altar of Trog.
u - a ring of positive energy
Found a shadowy altar of Dithmenos.
Found a shimmering altar of Xom.
Found a blossoming altar of Fedhas.
There is a stone staircase leading down here.
v - an amulet of magic regeneration A ball python comes into view.
A ball python is nearby!
You block the ball python's attack. The ball python grabs you.
The ball python constricts you.
You closely miss the ball python. You block the ball python's attack.
The ball python constricts you.
You hit the ball python.
You kill the ball python!
Qazlal accepts your kill.
You see here a ball python corpse.
w - a glowing white potion
Found Yveeme's Jewellery Shop.
Found a stone staircase leading down.
Found a stone staircase leading up.
There is an entrance to Yveeme's Jewellery Shop here.
Are you sure you want to abandon this character and quit the game? (Confirm with "yes".)

#. #.# .# #. ##.# .#
#. ##..# ####.#### #.
##.#.# #.<.....#
#.##†###.# #.......#
##.#.##
#.###.......### ....##
##............#
...#.##
##.##......>.#.#
#####.###.###...@....#
#......#.## #........#
#.#####.## #.########
### ...# #####


There were no monsters in sight!

Vanquished Creatures
  A phantom (D:4)
  A kobold brigand (D:4)
  2 hounds
  Crazy Yiuf (D:3)
  2 adders (D:2)
  A white imp (D:4)
  A worm (D:2)
  A dart slug (D:2)
  4 orcs (D:3)
  5 ball pythons
  4 bats
  7 endoplasms
  3 giant cockroaches
  5 hobgoblins
  3 jackals (D:1)
  A quokka (D:1)
  4 frilled lizards
  6 goblins
  2 kobolds
  2 rats
56 creatures vanquished.

Notes
Turn   | Place    | Note
-------+----------+-------------------------------------------
     0 | D:1      | Darius the Minotaur Fighter began the quest for the Orb.
     0 | D:1      | Reached XP level 1. HP: 19/19 MP: 0/0
    91 | D:1      | Found a faded altar of an unknown god.
   101 | D:1      | Prayed at the altar of an unknown god.
   101 | D:1      | Became a worshipper of Qazlal Stormbringer
   101 | D:1      | Reached * piety under Qazlal
   231 | D:1      | Reached XP level 2. HP: 27/27 MP: 1/1
   671 | D:1      | Reached XP level 3. HP: 33/33 MP: 2/2
   797 | D:2      | Identified the +9 dagger of the Shoals {drain, Fly Will+
                  | Stlth-}
   854 | D:2      | Reached ** piety under Qazlal
  1345 | D:3      | Reached XP level 4. HP: 40/40 MP: 3/3
  1471 | D:3      | Found Afifuti's Distillery.
  1519 | D:3      | Bought a potion of mutation for 88 gold pieces
  1519 | D:3      | Gained mutation: You are partially covered in iridescent
                  | scales. (AC +2) [potion of mutation]
  1519 | D:3      | Gained mutation: You are mostly covered in iridescent
                  | scales. (AC +4) [potion of mutation]
  1721 | D:3      | Reached skill level 1 in Stealth
  1782 | D:3      | Found a runed translucent door.
  1783 | D:3      | Noticed Crazy Yiuf
  1791 | D:3      | Killed Crazy Yiuf
  1792 | D:3      | Reached XP level 5. HP: 41/46 MP: 4/4
  1919 | D:4      | Noticed a phantom
  1930 | D:4      | Killed a phantom
  1931 | D:4      | Reached skill level 1 in Short Blades
  1931 | D:4      | Reached skill level 1 in Dodging
  1931 | D:4      | Reached skill level 1 in Invocations
  1937 | D:4      | Found Rebraen's Magic Scroll Boutique.
  1948 | D:4      | Reached XP level 6. HP: 48/53 MP: 4/6
  1956 | D:4      | Bought a scroll of identify for 28 gold pieces
  1984 | D:4      | Found a bloodstained altar of Trog.
  1990 | D:4      | Found a shadowy altar of Dithmenos.
  1991 | D:4      | Found a shimmering altar of Xom.
  1995 | D:4      | Found a blossoming altar of Fedhas.
  2045 | D:4      | Found Yveeme's Jewellery Shop.
  2053 | D:4      | Quit the game

Illustrated notes

Levels and vault maps discovered:
D:1:      erik_arrival_triangle_large, layout_basic,
          shapermc_ecumenical_altar_acropolis
D:2:      layout_basic
D:3:      layout_rooms, serial_shops, nicolae_shop_statue_plus, st_stairs_7,
          serial_bayou_ford_a, uniq_crazy_yiuf_cottage
D:4:      layout_loops_ring, nicolae_qazlal_scattered_showers, minitemple,
          serial_shops, shop, nicolae_shop_advertising_works
          [nicolae_subvault_shop_adworks], shop, shop,
          nicolae_shop_tiny_real_fake_doors, uniq_sigmund

Skill      XL: |  1  2  3  4  5 |
---------------+----------------+-----
Axes           | 3 4 |  4.0
Armour         | 4 |  4.8
Fighting       | 4 |  4.4
Shields        | 4 |  4.7
Stealth        | 1 |  1.3
Short Blades   | 1 |  1.8
Dodging        | 1 |  1.4
Invocations    | 1 |  1.3

Action                     |  1- 3 |  4- 6 || total
---------------------------+-------+-------++-------
  Melee: War axe           |    35 |       ||    35
         Headbutt          |    12 |     7 ||    19
         Dagger            |    22 |    49 ||    71
    Use: Scroll            |       |     7 ||     7
         Potion            |       |     1 ||     1
 Armour: Scale mail        |    17 |     8 ||    25
  Dodge: Dodged            |    24 |    17 ||    41
  Block: Buckler           |    15 |    42 ||    57
         Reflection        |       |     4 ||     4
